 Dungeon Crawl Stone Soup version 0.22.1-1-ga44c0e5 (webtiles) character file.

167 Starchild the Caller (level 5, -11/35 HPs)
             Began as a Barachi Summoner on Oct 17, 2018.
             Killed by divine providence
             ... invoked by an orc priest
              (14 damage)
             ... on level 4 of the Dungeon.
             The game lasted 00:20:25 (4078 turns).

Starchild the Caller (Barachi Summoner)             Turns: 4078, Time: 00:20:25

Health: -11/35     AC:  6    Str: 10    XL:     5   Next: 48%
Magic:  5/8        EV: 12    Int: 16    God:
Gold:   124        SH:  0    Dex: 12    Spells: 2/8 levels left

rFire    . . .     SeeInvis .   m - +1 dagger (speed)
rCold    + . .     Gourm    .   (no shield)
rNeg     . . .     Faith    .   z - +2 leather armour {rC+}
rPois    .         Spirit   .   n - +0 helmet
rElec    .         Reflect  .   (no cloak)
rCorr    .         Harm     .   (no gloves)
MR       .....                  (no boots)
Stlth    ++........             (no amulet)
HPRegen  0.11/turn              (no ring)
MPRegen  0.11/turn              (no ring)

@: slow
A: +LOS, swims, slowness 1, strong legs 1
a: Hop


You were on level 4 of the Dungeon.
You were near starving.

You visited 1 branch of the dungeon, and saw 4 of its levels.
You also visited: Sewer.

You collected 124 gold pieces.

Inventory:

Hand Weapons
 d - a +0 club
 m - a +1 dagger of speed (weapon)
Missiles
 g - 89 stones
 h - 8 tomahawks (quivered)
 A - a throwing net
Armour
 a - a +0 robe
 n - a +0 helmet (worn)
 z - a +2 leather armour of cold resistance (worn)
Wands
 y - a wand of disintegration (14)
Scrolls
 b - 4 scrolls of identify
 f - a scroll of blinking {unknown}
 i - 3 scrolls of fear {unknown}
 j - 2 scrolls of enchant armour
 k - a scroll of random uselessness {unknown}
 o - a scroll of remove curse {unknown}
 q - a scroll of magic mapping {unknown}
 w - 3 scrolls of teleportation {unknown}
Potions
 e - 2 potions of heal wounds
 l - 3 potions of agility {unknown}
 p - 2 potions of degeneration {unknown}
 r - a potion of curing {unknown}
 s - a potion of might {unknown}
 t - a potion of brilliance {unknown}
 u - a potion of flight {unknown}
 v - a potion of invisibility {unknown}
 x - 2 potions of mutation {unknown}
Comestibles
 c - 7 rations


   Skills:
 - Level 2.1 Dodging
 - Level 1.7 Stealth
 - Level 2.1 Spellcasting
 + Level 7.9 Summonings


You had 2 spell levels left.
You knew the following spells:

 Your Spells              Type           Power        Failure   Level  Hunger
a - Summon Small Mammal   Summ           ####         1%          1    #......
b - Call Imp              Summ           ####....     1%          2    ###....
c - Call Canine Familiar  Summ           ####....     3%          3    ###....

Your spell library contained the following spells:

 Spells                   Type           Power        Failure   Level  Hunger
 Summon Guardian Golem    Hex/Summ       ##......     16%         3    ###....
 Summon Ice Beast         Ice/Summ       ##......     47%         4    #####..
 Summon Lightning Spire   Summ/Air       ##......     47%         4    #####..


Dungeon Overview and Level Annotations

Branches:
Dungeon (4/15)
 Temple: D:4-7

Altars:
Fedhas
Nemelex Xobeh
Sif Muna
Uskayaw


Innate Abilities, Weirdness & Mutations

Shadows flee at your approach. (+LOS)
You can swim through water.
You cover ground slowly.
You can hop short distances.


Message History

The orc barely misses your hound.
Your hound barely misses the orc.
Your hound bites the orc.
The orc barely misses your hound.
You see here a rapier.
Your hound barely misses the orc.
The orc closely misses your hound.
The orc priest invokes the aid of Beogh against you.
Beogh smites you!
Your hound bites the orc.
The quokka barely misses you.
Your hound bites the orc.
The orc dies!
The orc priest completely misses your hound.
Your hound bites the orc priest.
Your hound disappears in a puff of smoke!
The orc priest calls upon Beogh to heal the orc priest.
The orc priest's wounds heal themselves!
The quokka misses you.
The orc priest calls down the wrath of Beogh upon you.
Beogh smites you!
* * * LOW HITPOINT WARNING * * *
The orc priest calls down the wrath of Beogh upon you.
Beogh smites you!
You die...

###### ##### #.o..# ##...###
#.##)###......# #.#..§..o.#...#
######
#.#......#)...#########....#
........o.....Or@.........>#
##.......#....##.#<...#.##.##
#.##.#.##..#.##.#.#....##..#
#⌠.⌠..........##.#.#..#####.###
.._...#.###...##.#............#
.⌠.⌠#.#.# ######.############.#
......... #.# ####.#####.#
o####... #.###.##.......# o..
.# #.........######


You could see an ogre, 2 orc priests and a quokka.

Vanquished Creatures
  Ijyb (D:3)
  2 adders
  2 worms (Sewer)
  A dart slug (D:2)
  A leopard gecko (Sewer)
  An orc (D:3)
  4 giant cockroaches
  2 goblins
  2 hobgoblins (D:2)
  2 jackals
  A quokka (D:4)
  6 bats
  3 frilled lizards
  A kobold (D:2)
  5 rats
34 creatures vanquished.

Vanquished Creatures (collateral kills)
  A centaur skeleton (D:3)
  Robin (D:2)
  2 adders
  4 oozes (Sewer)
  5 worms
  2 dart slugs (D:1)
  3 leopard geckos
  2 orcs
  2 giant cockroaches (D:3)
  6 goblins (D:2)
  8 hobgoblins
  11 jackals
  10 bats
  3 frilled lizards
  5 kobolds
  3 rats (D:1)
68 creatures vanquished.

Grand Total: 102 creatures vanquished

Notes
Turn   | Place    | Note
-------+----------+-------------------------------------------
     0 | D:1      | Starchild the Barachi Summoner began the quest for the Orb.
     0 | D:1      | Reached XP level 1. HP: 13/13 MP: 3/3
   123 | D:1      | Reached skill level 5 in Summonings
   344 | D:1      | Reached XP level 2. HP: 16/19 MP: 5/5
   952 | D:1      | Learned a level 2 spell: Call Imp
  1553 | D:2      | Found a faded altar of an unknown god.
  1558 | D:2      | Noticed Robin
  1566 | D:2      | Killed Robin
  1566 | D:2      | Reached skill level 6 in Summonings
  1566 | D:2      | Reached XP level 3. HP: 20/24 MP: 0/6
  1602 | D:2      | Learned a level 3 spell: Call Canine Familiar
  1667 | D:2      | Reached XP level 4. HP: 20/30 MP: 2/7
  1774 | D:2      | Found a blossoming altar of Fedhas.
  1876 | D:2      | Found a deep blue altar of Sif Muna.
  1903 | D:2      | Found a hide-covered altar of Uskayaw.
  2342 | D:3      | Reached skill level 7 in Summonings
  2666 | D:3      | Found a glowing drain.
  2696 | Sewer    | Entered a sewer
  2712 | Sewer    | Reached XP level 5. HP: 13/35 MP: 0/8
  3394 | D:3      | Noticed Ijyb
  3423 | D:3      | Killed Ijyb
  4000 | D:4      | Found a sparkling altar of Nemelex Xobeh.
  4067 | D:4      | Noticed an ogre
  4078 | D:4      | Killed from afar by an orc priest

Skill      XL: |  1  2  3  4 |
---------------+-------------+-----
Summonings     | 5 6 7 |  7.9
Dodging        | |  2.1
Stealth        | |  1.7
Spellcasting   | |  2.1

Action                   |  1- 3 |  4- 6 || total
-------------------------+-------+-------++-------
Melee: Unarmed           |     9 |       ||     9
       Club              |    43 |       ||    43
       Dagger            |    19 |   100 ||   119
 Cast: Summon Small Mamm |    22 |     5 ||    27
       Call Imp          |     4 |    15 ||    19
       Call Canine Famil |     2 |    10 ||    12
  Use: Potion            |     1 |       ||     1
       Scroll            |       |     2 ||     2
 Stab: Sleeping          |     4 |     3 ||     7
  Eat: Ration            |     1 |       ||     1
       Chunk             |       |     9 ||     9
Armor: Robe              |    19 |    37 ||    56
       Leather armour    |       |     1 ||     1
Dodge: Dodged            |    89 |    94 ||   183
